 Dungeon Crawl Stone Soup version 0.24.1-11-gbbbb2193e6 (console) character file.

Game seed: 9183846933945178095, levelgen mode: deterministic

493 PaulS the Shield-Bearer (level 6, -2/56 HPs)
             Began as a Minotaur Fighter on May 14, 2020.
             Slain by Menkaure (15 damage)
             ... on level 4 of the Dungeon.
             The game lasted 00:13:30 (3793 turns).

PaulS the Shield-Bearer (Minotaur Fighter)          Turns: 3793, Time: 00:13:31

Health: -2/56      AC:  7    Str: 23    XL:     6   Next: 92%
Magic:  5/5        EV:  8    Int:  5    God:
Gold:   248        SH: 10    Dex:  9    Spells: 5/5 levels left

rFire    . . .     SeeInvis .   a - +0 long sword
rCold    . . .     Gourm    .   c - +0 shield
rNeg     . . .     Faith    .   b - +0 scale mail
rPois    .         Spirit   .   (helmet restricted)
rElec    .         Reflect  .   (no cloak)
rCorr    .         Harm     .   (no gloves)
MR       .....                  (no boots)
Stlth    ..........             (no amulet)
HPRegen  0.18/turn              (no ring)
MPRegen  0.09/turn              (no ring)

@: no status effects
A: retaliatory headbutt, horns 2
a: no special abilities


You were on level 4 of the Dungeon.
You were not hungry.

You visited 1 branch of the dungeon, and saw 4 of its levels.

You collected 248 gold pieces.

Inventory:

Hand Weapons
 a - a +0 long sword (weapon)
Armour
 b - a +0 scale mail (worn)
 c - a +0 shield (worn)
Jewellery
 i - an uncursed ring of stealth {unknown}
 l - a cursed -5 ring of intelligence {unknown}
 v - an uncursed ring of stealth {unknown}
Wands
 q - a wand of polymorph (6)
Scrolls
 e - a scroll of random uselessness {unknown}
 g - 3 scrolls of remove curse {unknown}
 k - 6 scrolls of identify {unknown}
 m - a scroll of blinking {unknown}
 o - 2 scrolls of enchant armour {unknown}
 p - 2 scrolls of noise {unknown}
 r - a scroll of teleportation {unknown}
Potions
 d - a potion of might
 h - a potion of degeneration {unknown}
 j - 2 potions of haste {unknown}
 n - a potion of curing {unknown}
 s - a potion of brilliance {unknown}
 u - a potion of resistance {unknown}
Comestibles
 f - 5 rations {@e1}
 t - 2 chunks of flesh


   Skills:
 + Level 5.6 Fighting
 + Level 4.9 Long Blades
 + Level 5.6 Armour
 + Level 5.7 Shields


You had 5 spell levels left.
You didn't know any spells.
Your spell library was empty.

Dungeon Overview and Level Annotations

Branches:
Dungeon (4/15)
 Temple: D:4-7

Altars:
Ashenzari
Fedhas

Shops:
D:4 [

Annotations:
D:4 Menkaure


Innate Abilities, Weirdness & Mutations

You reflexively headbutt those who attack you in melee.
You have a pair of horns on your head.


Message History

You are too injured to fight recklessly!
You hit Menkaure. Your headbutt misses Menkaure.
Menkaure is almost destroyed.
You block Menkaure's attack.
You are too injured to fight recklessly!
Your shield and scale mail prevent you from hitting Menkaure.
Your headbutt misses Menkaure.
Menkaure is almost destroyed.
You block Menkaure's attack.
You are too injured to fight recklessly!
You hit Menkaure but do no damage.
Menkaure is almost destroyed.
Menkaure mumbles some strange words.
Menkaure seems to speed up.
You are too injured to fight recklessly!
You hit Menkaure.
Menkaure is almost destroyed.
Menkaure's bandages flutter.
Menkaure hits you!
You die...

░░░░░░░░░..÷.░░
░..........░░░
░..........░
░..........░
░.....>....░
░..........░
░..........░░░
░............░░░░░...
░..........░.HMs.....
░..........░░░░░░░...
░..........░
░░░░░░░░░░░░


You could see Menkaure and a scorpion.

Vanquished Creatures
  Duvessa (D:4)
  Dowan (D:4)
  2 hounds (D:4)
  An iguana (D:4)
  An orc wizard (D:3)
  2 worker ants (D:4)
  3 gnolls (D:3)
  7 adders
  An ooze (D:2)
  3 worms
  3 dart slugs
  3 leopard geckos
  7 orcs (D:3)
  6 giant cockroaches (D:1)
  A goblin (D:1)
  3 hobgoblins
  4 jackals (D:2)
  A quokka (D:3)
  2 ball pythons
  4 bats
  3 frilled lizards
  5 kobolds
  5 rats
69 creatures vanquished.

Notes
Turn   | Place    | Note
-------+----------+-------------------------------------------
     0 | D:1      | PaulS the Minotaur Fighter began the quest for the Orb.
     0 | D:1      | Reached XP level 1. HP: 19/19 MP: 0/0
   188 | D:1      | Reached XP level 2. HP: 27/27 MP: 1/1
   711 | D:2      | Reached XP level 3. HP: 28/33 MP: 2/2
  1929 | D:2      | Reached XP level 4. HP: 40/40 MP: 3/3
  1935 | D:2      | Found a shattered altar of Ashenzari.
  2609 | D:3      | Reached XP level 5. HP: 15/47 MP: 4/4
  3181 | D:3      | Found a blossoming altar of Fedhas.
  3402 | D:4      | Noticed Duvessa
  3403 | D:4      | Noticed Dowan
  3404 | D:4      | Found Kesiomp's Armour Shoppe.
  3430 | D:4      | Killed Duvessa
  3430 | D:4      | Reached skill level 5 in Fighting
  3430 | D:4      | Reached skill level 5 in Armour
  3430 | D:4      | Reached skill level 5 in Shields
  3430 | D:4      | Reached XP level 6. HP: 22/56 MP: 5/5
  3441 | D:4      | Killed Dowan
  3781 | D:4      | Noticed Menkaure
  3793 | D:4      | Slain by Menkaure

Levels and vault maps discovered:
D:1:      dpeg_arrival_shelter, layout_rooms, minmay_worlds_worst_comb
D:2:      layout_loops_corners, evilmike_ruin_ashenzari,
          kennysheep_generic_room_13
D:3:      layout_basic, fedhas_altar_3
D:4:      layout_rooms, serial_shops, shop_fountains, uniq_duvessa,
          uniq_menkaure

Skill      XL: |  1  2  3  4  5 |
---------------+----------------+-----
Fighting       | 4 5 |  5.6
Armour         | 4 5 |  5.6
Shields        | 4 5 |  5.7
Long Blades    | 3 4 |  4.9

Action                   |  1- 3 |  4- 6 || total
-------------------------+-------+-------++-------
Melee: Long sword        |    93 |   139 ||   232
       Headbutt          |    16 |    26 ||    42
  Eat: Chunk             |     1 |     2 ||     3
       Ration            |     1 |     1 ||     2
Armor: Scale mail        |    55 |    45 ||   100
Dodge: Dodged            |    28 |    40 ||    68
Block: Shield            |    62 |    85 ||   147
       Rpst.: Long sword |     4 |    12 ||    16
